 Dungeon Crawl Stone Soup version 0.23.2-1-ga50397a6bc (webtiles) character file.

Game seed: 4619333357616517891

60 Holzbalken the Poker (level 3, -5/27 HPs)
             Began as a Demonspawn Gladiator on May 30, 2019.
             Slain by Crazy Yiuf
             ... wielding a +2 quarterstaff of chaos
              (7 damage)
             ... on level 2 of the Dungeon.
             The game lasted 00:08:10 (1569 turns).

Holzbalken the Poker (Demonspawn Gladiator)         Turns: 1569, Time: 00:08:10

Health: -5/27      AC:  6    Str: 15    XL:     3   Next: 82%
Magic:  1/3        EV: 11    Int:  9    God:
Gold:   39         SH:  0    Dex: 14    Spells: 2/2 levels left

rFire    . . .     SeeInvis .   a - +0 trident
rCold    . . .     Gourm    .   (no shield)
rNeg     . . .     Faith    .   k - +0 ring mail
rPois    .         Spirit   .   c - +0 helmet
rElec    .         Reflect  .   (no cloak)
rCorr    .         Harm     .   (no gloves)
MR       .....                  (no boots)
Stlth    ..........             (no amulet)
HPRegen  0.09/turn              (no ring)
MPRegen  0.08/turn              (no ring)

@: no status effects
A: hooves 1
a: no special abilities


You were on level 2 of the Dungeon.
You were not hungry.

You visited 1 branch of the dungeon, and saw 2 of its levels.

You collected 39 gold pieces.

Inventory:

Hand Weapons
 a - a +0 trident (weapon)
Missiles
 d - 3 throwing nets (quivered)
Armour
 b - a +0 leather armour
 c - a +0 helmet (worn)
 k - a +0 ring mail (worn)
Scrolls
 e - 4 scrolls of remove curse {unknown}
 j - 5 scrolls of teleportation {unknown}
 l - 2 scrolls of identify {unknown}
Potions
 g - a potion of invisibility {unknown}
 h - 2 potions of mutation {unknown}
 m - a potion of magic {unknown}
 n - a potion of agility {unknown}
Comestibles
 f - 3 rations
 i - a chunk of flesh


   Skills:
 - Level 2.0 Fighting
 * Level 4.3 Polearms
 - Level 1.9 Throwing
 - Level 2.6 Dodging


You had 2 spell levels left.
You didn't know any spells.
Your spell library was empty.

Dungeon Overview and Level Annotations

Branches:
Dungeon (2/15)

Altars:
Cheibriados
Elyvilon
Hepliaklqana

Annotations:
D:2 Crazy Yiuf


Innate Abilities, Weirdness & Mutations

You have large cloven feet.


Message History

Crazy Yiuf screams, "Whiteboard!
East pizzabubble hog."
Crazy Yiuf barely misses you.
You hit Crazy Yiuf. Your kick misses Crazy Yiuf.
Crazy Yiuf is lightly wounded.
Crazy Yiuf grits, "Line green mobile!"
Crazy Yiuf hits you with a +2 quarterstaff of chaos.
You hit Crazy Yiuf. You kick Crazy Yiuf, but do no damage.
Crazy Yiuf is moderately wounded.
Crazy Yiuf cries, "Cholesterol hand eyeball!"
Crazy Yiuf hits you with a +2 quarterstaff of chaos.
* * * LOW HITPOINT WARNING * * *
You feel your power leaking away.
You hit Crazy Yiuf.
Crazy Yiuf is heavily wounded.
Crazy Yiuf hits you with a +2 quarterstaff of chaos.
* * * LOW HITPOINT WARNING * * *
You hit Crazy Yiuf.
Crazy Yiuf is severely wounded.
Crazy Yiuf hits you with a +2 quarterstaff of chaos!
You die...

#.#.....###.# ###.#
#.######
#...###.###[## #.#
#..>.... #..##
#.##...# #.# ########
##..# #.###### ###
#...# ### #.#.#
♣♣♣♣♣### #.#.# ###
♣♣♣.♣....########
#.#.#
#...#♣..♣...........÷.
#.#.#
#...g@♣♣♣♣............
#.#.# #### #)..#♣♣
♣♣....####### #.#.#
#..# ### ♣♣##########
#.#.# #.## #.....#
#.#.###.# #.###.#
#.#...#.# ###
##########.# #.#
#.###.#># #.#
#.....#.##.###.#
#.###.#.#
#.#####.....(.##.##...
#.......#
#................##..#


You could see Crazy Yiuf.

Vanquished Creatures
  An adder (D:2)
  An ooze (D:2)
  A dart slug (D:2)
  A leopard gecko (D:1)
  A ball python (D:1)
  A giant cockroach (D:2)
  9 hobgoblins
  3 jackals (D:1)
  A quokka (D:2)
  5 bats (D:1)
  5 frilled lizards
  4 goblins (D:1)
  5 kobolds
  3 rats (D:1)
41 creatures vanquished.

Notes
Turn   | Place    | Note
-------+----------+-------------------------------------------
     0 | D:1      | Holzbalken the Demonspawn Gladiator began the quest for the
                  | Orb.
     0 | D:1      | Reached XP level 1. HP: 16/16 MP: 1/1
   225 | D:1      | Reached skill level 3 in Polearms
   252 | D:1      | Gained mutation: You have large cloven feet. [demonic
                  | ancestry]
   252 | D:1      | Reached XP level 2. HP: 21/22 MP: 2/2
   489 | D:1      | Reached XP level 3. HP: 26/27 MP: 3/3
   732 | D:2      | Reached skill level 4 in Polearms
   937 | D:2      | Found a hazy altar of Hepliaklqana.
   937 | D:2      | Found a snail-covered altar of Cheibriados.
   938 | D:2      | Found a white marble altar of Elyvilon.
  1555 | D:2      | Found a runed translucent door.
  1556 | D:2      | Noticed Crazy Yiuf
  1569 | D:2      | Slain by Crazy Yiuf

Skill      XL: |  1  2  3 |
---------------+----------+-----
Polearms       | 3 4 |  4.3
Fighting       | |  2.0
Throwing       | |  1.9
Dodging        | |  2.6

Action                   || total
-------------------------++-------
Melee: Trident           ||   111
       Kick              ||    13
 Stab: Sleeping          ||     1
  Eat: Chunk             ||     2
Armor: Leather armour    ||     6
       Ring mail         ||    30
Dodge: Dodged            ||    32
